 Dungeon Crawl Stone Soup version 0.31-a0-819-gf6de2f5ab6 (webtiles) character file.

Game seed: 12122180769598317330

446661 Armakuni the Cryomancer (level 23, -16/252 HPs)
             Began as a Pale Draconian Monk on Sept 23, 2023.
             Was a Believer of Elyvilon.
             Killed from afar by Margery (46 damage)
             ... with a bolt of fire
             ... while paralysed by a floating eye
             ... on level 3 of the Depths.
             The game lasted 03:37:15 (57493 turns).

Armakuni the Cryomancer (Pale Draconian Monk)      Turns: 57493, Time: 03:37:16

Health: -16/252    AC: 35    Str: 12    XL:     23   Next: 12%
Magic:  0/41       EV:  2    Int: 31    God:    Elyvilon [**....]
Gold:   1226       SH:  0    Dex: 14    Spells: 25/50 levels left

rFire   . .          .
                       - Unarmed
rCold   . . .        (no shield)
rNeg    + . .        (body armour unavailable)
rPois   ∞            A - +2 hat of the Bear Spirit {Spirit, Bear, *Rage Will++}
rElec   +            w - +2 cloak {Will+}
rCorr   .            (gloves currently unavailable)
SInv    +            G - melded +2 pair of boots {rampage}
Will    +++++        R - amulet of regeneration
Stlth   +            I - +6 ring of intelligence
HPRegen 1.42/turn    N - ring "Ukeeseud" {Will+ Int+4 SInv}
MPRegen 0.27/turn

%: random rage (20%), guardian spirit
@: paralysed, statue-form, wereblooded (expiring), on berserk cooldown, slowed,
studying 2 skills
A: slow and powerful, torment resistance 1, boosted hp, (breathe steam), AC +11,
unfitting armour, cold-blooded, steam resistance, talons 1, large bone plates 1,
weak 1
}: 2/15 runes: serpentine, barnacled
a: Begin Untransformation, Renounce Religion, Purification, Heal Other


You were on level 3 of the Depths.
You worshipped Elyvilon.
Elyvilon was pleased with you.
You were a living statue of rough stone.
You visited 10 branches of the dungeon, and saw 45 of its levels.
You also visited: Gauntlet and Wizlab.

You collected 7366 gold pieces.
You spent 6140 gold pieces at shops.

Inventory:

Armour
 a - an orb of energy
 w - a +2 cloak of willpower (worn)
 A - the +2 hat of the Bear Spirit (worn) {Spirit, Bear, *Rage Will++}
   (You bought it in a shop on level 14 of the Dungeon)

   Bear:      Going berserk makes the wearer exceptionally tough, and they are
   slowed for a shorter time afterward.
   Will++:    It greatly increases your willpower.
   *Rage:     It berserks you when you make melee attacks (+20% chance).
 G - a +2 pair of boots of rampaging (melded)
Magical Staves
 b - a staff of conjuration
Jewellery
 c - a ring of magical power
 I - a +6 ring of intelligence (left fist)
 K - a ring of resist corrosion
 N - the ring "Ukeeseud" (right fist) {Will+ Int+4 SInv}
   (You found it in a wizard's laboratory)

   [ring of see invisible]

   Int+4:     It affects your intelligence (+4).
   Will+:     It increases your willpower.
   SInv:      It lets you see invisible.
 R - an amulet of regeneration (around neck)
 X - the ring of Acvait {rPois rN+ Slay+6}
   (You found it on level 3 of the Crypt)

   [ring of positive energy]

   Slay+6:    It affects your accuracy & damage with ranged weapons and melee
   (+6).
   rPois:     It protects you from poison rN+: It protects you from negative
   energy.
Talismans
 t - a granite talisman (active)
Wands
 k - a wand of digging (11)
 p - a wand of paralysis (50)
 r - a wand of flame (85)
 y - a wand of polymorph (33)
 D - a wand of mindburst (24)
 Q - a wand of iceblast (23)
 V - a wand of acid (9)
Scrolls
 g - 15 scrolls of enchant weapon
 i - 3 scrolls of butterflies
 n - 3 scrolls of silence
 o - 6 scrolls of vulnerability
 q - 6 scrolls of teleportation
 u - 31 scrolls of identify
 x - 11 scrolls of enchant armour
 B - 4 scrolls of fog
 E - 4 scrolls of immolation
 H - 4 scrolls of brand weapon
 M - 2 scrolls of amnesia
 P - 11 scrolls of poison
 S - 4 scrolls of fear
Potions
 d - 6 potions of lignification
 e - 7 potions of brilliance
 f - 6 potions of heal wounds
 h - 5 potions of enlightenment
 j - 24 potions of mutation
 v - 15 potions of curing
 z - 5 potions of haste
 L - a potion of cancellation
Miscellaneous
 l - a lightning rod (2/4)
 m - a phantom mirror


   Skills:
 - Level 13.9 Fighting
 - Level 5.0 Dodging
 - Level 19.5 Unarmed Combat
 + Level 14.1 Spellcasting
 - Level 6.0 Translocations
 - Level 6.6 Transmutations
 - Level 23.7 Ice Magic
 - Level 12.0 Invocations
 - Level 5.0 Evocations
 - Level 18.6 Shapeshifting


You had 25 spell levels left.
You knew the following spells:

 Your Spells              Type           Power      Damage    Failure   Level
a - Apportation           Tloc           100%       N/A       1%          1
l - Lesser Beckoning      Tloc           100%       N/A       1%          2
m - Iskenderun's Mystic   Conj/Tloc      40%        2d9       6%          4
r - Ozocubu's Refrigerat  Ice            53%        4d19      1%          7
v - Polar Vortex          Ice            53%        12d7*     13%         9
w - Wereblood             Tmut           58%        N/A       1%          2

Your spell library contained the following spells:

 Spells                   Type           Power      Damage    Failure   Level
 Ozocubu's Armour         Ice            100%       N/A       0%          3
 Sting                    Tmut/Pois      100%       1d8       1%          1
 Passwall                 Tmut/Erth      35%        N/A       1%          2
 Gell's Gravitas          Tloc           56%        N/A       1%          3
 Teleport Other           Tloc           56%        N/A       1%          3
 Volatile Blastmotes      Fire/Tloc      80%        2d16      1%          3
 Manifold Assault         Tloc           56%        N/A       1%          4
 Magic Dart               Conj           84%        1d7       2%          1
 Necrotise                Necr           84%        1d8       2%          1
 Sandblast                Erth           42%        2d11      2%          1
 Shock                    Conj/Air       84%        1d8       2%          1
 Slow                     Hex            84%        N/A       2%          1
 Summon Small Mammal      Summ           84%        N/A       2%          1
 Ignite Poison            Fire/Tmut/Pois 35%        N/A       2%          3
 Freezing Cloud           Conj/Ice/Air   31%        6-21      2%          5
 Simulacrum               Ice/Necr       38%        N/A       2%          6
 Cigotuvi's Dreadful Rot  Necr/Pois/Air  42%        N/A       3%          2
 Jinxbite                 Hex            42%        N/A       3%          2
 Poisonous Vapours        Pois/Air       42%        N/A       3%          2
 Searing Ray              Conj           42%        2d6       3%          2
 Petrify                  Tmut/Erth      42%        N/A       5%          4
 Call Canine Familiar     Summ           21%        N/A       6%          3
 Confusing Touch          Hex            21%        N/A       6%          3
 Dazzling Flash           Conj/Hex       42%        N/A       6%          3
 Sigil of Binding         Hex            21%        N/A       6%          3
 Stone Arrow              Conj/Erth      42%        3d9       6%          3
 Summon Guardian Golem    Hex/Summ       21%        N/A       6%          3
 Swiftness                Air            21%        N/A       6%          3
 Vampiric Draining        Necr           21%        2d7       6%          3
 Dimensional Bullseye     Hex/Tloc       20%        N/A       6%          4
 Vhi's Electric Charge    Tloc/Air       80%        N/A       6%          4
 Alistair's Intoxication  Tmut/Pois      28%        N/A       16%         5
 Irradiate                Conj/Tmut      21%        3d18      16%         5
 Summon Forest            Summ/Tloc      20%        N/A       17%         5
 Airstrike                Air            10%        2d(2-18)  22%         4
 Anguish                  Hex/Necr       10%        N/A       22%         4
 Brom's Barrelling Bould  Conj/Erth      21%        2d4       22%         4
 Cause Fear               Hex            10%        N/A       22%         4
 Dispel Undead            Necr           21%        3d11      22%         4
 Fulminant Prism          Conj/Hex       10%        3d8       22%         4
 Leda's Liquefaction      Hex/Erth       10%        N/A       22%         4
 Olgreb's Toxic Radiance  Pois           21%        N/A       22%         4
 Sticky Flame             Conj/Fire      21%        2d4       22%         4
 Summon Lightning Spire   Summ/Air       21%        N/A       22%         4
 Dispersal                Tloc           28%        N/A       28%         6
 Agony                    Necr           21%        N/A       52%         5
 Arcjolt                  Conj/Air       10%        1d20      52%         5
 Borgnjor's Vile Clutch   Necr/Erth      10%        N/A       52%         5
 Fireball                 Conj/Fire      10%        3d6       52%         5
 Iskenderun's Battlesphe  Conj           21%        2d7       52%         5
 Lee's Rapid Deconstruct  Erth           10%        3d8*      52%         5
 Silence                  Hex/Air        10%        N/A       52%         5
 Eringya's Noxious Bog    Tmut/Pois      21%        4d6       63%         6
 Conjure Ball Lightning   Conj/Air       10%        3x3d6     97%         6
 Plasma Beam              Fire/Air       10%        2x1d21    97%         6
 Enfeeble                 Hex            10%        N/A       100%        7
 Orb of Destruction       Conj           10%        9d6       100%        7
 Summon Hydra             Summ           10%        N/A       100%        7
 Borgnjor's Revivificati  Necr           10%        N/A       100%        8
 Discord                  Hex            10%        N/A       100%        8
 Disjunction              Tloc           28%        N/A       100%        8
 Ignition                 Fire           10%        3d5       100%        8
 Maxwell's Capacitive Co  Air            10%        ∞         100%        8
 Summon Horrible Things   Summ           10%        N/A       100%        8
 Chain Lightning          Conj/Air       10%        3d14      100%        9
 Dragon's Call            Summ           10%        N/A       100%        9
 Fire Storm               Conj/Fire      10%        8d3       100%        9
 Animate Armour           Summ/Erth      Unusable   N/A       N/A         4

Dungeon Overview and Level Annotations

Branches:
Dungeon (15/15)            Temple (1/1) D:4            Lair (5/5) D:11
 Shoals (4/4) Lair:3        Snake (4/4) Lair:3        Slime (0/5) Lair:4
    Orc (2/2) D:9             Elf (3/3) Orc:2        Vaults (4/5) D:14
  Crypt (3/3) Vaults:3       Tomb (0/3) Crypt:3      Depths (4/4) D:15
 WizLab (visited)         Gauntlet (visited)
    Zot: Depths:4

Altars:
Ashenzari
Cheibriados
Dithmenos
Elyvilon
Fedhas
Gozag
Hepliaklqana
Kikubaaqudgha
Makhleb
Nemelex Xobeh
Okawaru
Qazlal
Ru
Sif Muna
Uskayaw
Vehumet
Wu Jian
Xom
Yredelemnul
Zin
The Shining One
Jiyva

Shops:
D:13 ?   D:14 *[(*   Orc:2 =([!   Elf:1 *   Elf:2 =![   Snake:2 =:==
Depths:1 ?

Portals:
Hell: Depths:1 Depths:2 Depths:4
Abyss: Depths:2
Ziggurat: Depths:1

Annotations:
D:4 2 runed translucent doors, shbulbulush's ghost, amateur TrGl
Shoals:1 Roxanne
Depths:3 Frederick; Margery


Innate Abilities, Weirdness & Mutations

You are a living statue of rough stone.
Your actions are slow, but your melee attacks are powerful.
You are resistant to unholy torment.
Your maximum health is greatly increased.
Your equipment is partially melded.
((You can breathe blasts of scalding, opaque steam.))
((Your pale cyan-grey scales are hard. (AC +11)))
You cannot fit into any form of body armour.
You are immune to poison.
You are cold-blooded and may be slowed by cold attacks.
You are immune to the effects of steam.
You have sharp toenails.
You are partially covered in large bone plates. (SH +4)
You are weak. (Str -2)


Message History

a titan corpse; an ice dragon corpse
Okay, then.
Your surroundings suddenly seem different.
A floating eye and Margery come into view.
The floating eye turns its gaze towards you.
Margery shouts!
You hear a shout!
The floating eye's stare focuses on you.
A hell knight comes into view. It is wielding a +2 glaive of flaming.
A hell knight comes into view. It is wielding a +0 scimitar.
A hell knight comes into view. It is wielding a +4 heavy demon blade.
Margery gestures at you while chanting. The bolt of fire hits you!!
* * * LOW HITPOINT WARNING * * *
Margery gestures at you while chanting.
The fireball explodes!
The fireball engulfs you but does no damage.
A hell knight comes into view.
It is wielding a +2 demon whip of flaming.
The hell knight moves out of view.
You hear a shout! x2; You hear a deafening roar!
The hell knight shouts! x2
You hear a shout! x2
You feel much better.
Your primal bloodlust is almost over.
The hell knight utters an invocation to its god.
The hell knight seems to speed up.
You hear a shout! x2
A vault guard comes into view. It is wielding a +1 long sword.
You feel much better.
The hell knight utters an invocation to its god.
The hell knight blinks!
A spriggan defender comes into view.
It is wielding a +0 flail of protection.
The floating eye gazes piercingly through you!
You suddenly lose the ability to move!
Margery gestures at you while chanting. The bolt of fire hits you!!!
* * * LOW HITPOINT WARNING * * *
The hell knight prays to its god.
The hell knight seems to speed up.
Margery points at you and mumbles some strange words.
The bolt of fire hits you!!!
You die...

. ...
##+#Gp...
#8.@pp#
+..p.#...
#........
......i..
.........
..........
...#......
+...#.#....
.#.#.


You could see Margery, a vault guard, a spriggan defender, 3 hell knights and a
floating eye.

Vanquished Creatures
  A dread lich (Vaults:4)
  Vv (Crypt:3)
  Xtahua (Vaults:2)
  Bai Suzhen (Vaults:2)
  Saint Roka (Vaults:1)
  A profane servitor (Crypt:3)
  A mutant beast (WizLab)
  Nikola (Elf:2)
  the Enchantress (Depths:1)
  A bone dragon (Crypt:3)
  3 tentacled monstrosities
  A walking crystal tome (Depths:2)
  3 deep elf blademasters
  2 shard shrike skeletons (Crypt:2)
  3 titans
  2 liches
  2 deep elf master archers (Elf:3)
  A kraken (Shoals:2)
  4 sphinxes
  Frances (D:11)
  2 tengu reavers
  7 nagarajas
  Aizul (Shoals:4)
  3 revenants (Crypt:1)
  Donald (Lair:3)
  5 deep elf sorcerers
  8 vault wardens
  3 fire giants
  7 frost giants
  An iron dragon (Depths:4)
  An angel (Depths:1)
  A balrug (Depths:4)
  The ghost of Diptof the Stormcaller, an adept TeAE of Vehumet (Shoals:2)
  12 ghouls
  15 ironbound preservers
  2 orc warlords
  4 curse skulls
  A spectral caustic shrike (Depths:2)
  4 stone giants
  7 very ugly things
  7 ironbound thunderhulks
  4 formless jellyfish
  5 spriggan defenders
  2 eleionomae (Shoals:3)
  A rockslime zombie (Crypt:1)
  6 deep elf demonologists (Elf:3)
  6 deep elf annihilators
  Azrael (Snake:3)
  5 dire elephants
  10 eidola
  A minotaur (Gauntlet)
  The ghost of AceOff the Thaumaturge, a journeyman DjFE of Nemelex Xobeh (Shoals:1)
  7 ettins
  A mummy priest (Crypt:3)
  3 merfolk javelineers
  10 merfolk impalers
  5 deep elf death magi
  6 yaktaur captains
  2 deep elf high priests (Elf:3)
  3 fire dragons
  An entropy weaver (shapeshifter) (WizLab)
  8 jiangshi
  4 entropy weavers
  2 spriggan zombies (Crypt:3)
  7 great orbs of eyes
  A rakshasa (Depths:2)
  A fenstrider witch zombie (Crypt:3)
  A peacekeeper (Vaults:1)
  5 salamander tyrants
  3 ice dragons
  A hell beast (Depths:4)
  4 hydras
  Fannar (Lair:2)
  8 vault guards
  3 catoblepae (Lair:5)
  4 ogre magi (Orc:2)
  2 bennu zombies
  8 anacondas
  A spriggan air mage (Depths:1)
  A merfolk avatar (Shoals:4)
  28 centaur warriors
  10 ironbound frosthearts
  A sphinx zombie (Crypt:1)
  3 alligator snapping turtles
  21 dancing weapons
  6 boulder beetles
  6 merfolk aquamancers
  4 satyrs (Shoals:3)
  9 two-headed ogres (Orc:2)
  6 death knights
  3 deep troll shamans
  4 tengu warriors
  4 titan zombies
  14 death yaks
  5 spriggan berserkers
  2 vampire magi
  6 naga warriors
  6 deep troll earth magi
  2 soul eaters (Crypt:2)
  6 naga sharpshooters
  8 skysharks
  6 shock serpents
  13 deep elf knights
  A shock serpent (shapeshifter) (WizLab)
  Sonja (Lair:5)
  3 iron trolls (Depths:4)
  2 salamander mystics
  11 hell knights
  13 sea snakes
  3 flayed ghosts
  2 bunyip zombies (Crypt:3)
  3 glowing orange brains
  18 skeletal warriors
  4 naga ritualists
  12 deep elf archers
  15 ironbound convokers
  50 deep trolls
  14 lindwurms
  11 wizards
  Pikel (D:6)
  30 deep elf zephyrmancers
  2 harpies (shapeshifter) (WizLab)
  5 mana vipers
  4 necromancers
  A draconian zombie (Crypt:3)
  14 phantasmal warriors
  12 harpies
  18 fauns
  26 deep elf pyromancers
  11 salamanders
  An orc sorcerer (Orc:2)
  48 ugly things
  2 oklob plants
  An iron dragon zombie (Crypt:3)
  6 wolf spiders (Crypt:3)
  8 cyclopes
  15 manticores
  A moth of wrath (Shoals:2)
  A shining eye (Gauntlet)
  Maurice (D:8)
  21 elephants
  4 merfolk sirens
  A dire elephant zombie (Crypt:3)
  A salamander (shapeshifter) (D:14)
  A faun (shapeshifter) (D:14)
  2 guardian serpents (Snake:4)
  A worldbinder (Gauntlet)
  13 vault sentinels
  Joseph (D:7)
  10 naga magi
  7 water nymphs
  An elephant (shapeshifter) (WizLab)
  40 black mambas
  2 gargoyles
  A cane toad (shapeshifter) (D:14)
  An unseen horror (D:11)
  A dire elephant skeleton (Crypt:2)
  16 cane toads
  2 rime drakes (shapeshifter) (WizLab)
  An unseen horror (shapeshifter) (WizLab)
  Psyche (D:9)
  8 komodo dragons
  A storm dragon simulacrum (Crypt:1)
  An elf (WizLab)
  3 rime drakes
  15 yaktaurs
  6 tengu conjurers
  2 efreet
  6 freezing wraiths
  A bunyip simulacrum (Crypt:2)
  A death yak skeleton (Crypt:1)
  2 minotaur zombies
  A yaktaur (shapeshifter) (WizLab)
  A pale draconian skeleton (Crypt:1)
  3 meliai (D:15)
  2 queen bees
  3 polar bears (shapeshifter) (WizLab)
  16 merfolk
  A harpy skeleton (Crypt:1)
  3 harpy zombies (Crypt:3)
  2 hornets
  2 trolls
  2 tarantellas (shapeshifter) (WizLab)
  7 polar bears
  A merfolk (shapeshifter) (WizLab)
  7 dream sheep
  4 raiju (shapeshifter) (WizLab)
  2 wind drakes (Shoals:4)
  A fire dragon zombie (Crypt:2)
  A dream sheep (shapeshifter) (WizLab)
  A snapping turtle (shapeshifter) (Vaults:4)
  8 snapping turtles
  A great orb of eyes zombie (Crypt:2)
  11 blink frogs
  3 jumping spiders
  A jumping spider (shapeshifter) (WizLab)
  A culicivora (shapeshifter) (Depths:1)
  A blink frog (shapeshifter) (WizLab)
  28 slime creatures
  4 air elementals
  3 spriggans
  A spriggan (shapeshifter) (WizLab)
  5 shadows
  A vampire (D:14)
  Sigmund (D:2)
  2 yaks (shapeshifter) (WizLab)
  11 water elementals
  2 fire bats (Gauntlet)
  A hog (shapeshifter) (WizLab)
  9 wyverns
  A black mamba zombie (Crypt:1)
  4 humans
  12 wraiths
  6 fire elementals
  7 large abominations (WizLab)
  82 yaks
  A tyrant leech zombie (Crypt:2)
  2 golden eyes (shapeshifter) (WizLab)
  An ushabti (Crypt:3)
  A redback (shapeshifter) (WizLab)
  3 basilisks
  A steam dragon (shapeshifter) (WizLab)
  A yaktaur simulacrum (Vaults:1)
  5 redbacks
  A golden eye (Gauntlet)
  8 vampire mosquitoes
  21 nagas
  3 wargs
  An iron golem (WizLab)
  Menkaure (D:7)
  Duvessa (D:6)
  23 water moccasins
  An acid dragon (shapeshifter) (WizLab)
  An acid dragon (D:9)
  5 floating eyes
  9 small abominations (WizLab)
  4 hell hounds
  8 orc warriors
  3 black bears (shapeshifter) (WizLab)
  A demonspawn skeleton (Crypt:2)
  A naga skeleton (Crypt:1)
  5 black bears
  4 ice beasts
  20 ogres
  3 boggarts
  A centaur (shapeshifter) (WizLab)
  4 lemures (D:6)
  14 centaurs
  2 phantoms (D:6)
  15 wolves
  A kobold brigand (D:9)
  13 bullfrogs
  14 necrophages
  3 gnoll sergeants
  5 earth elementals
  A glowing shapeshifter simulacrum (Vaults:1)
  3 scorpions
  An elf skeleton (Crypt:2)
  8 wights
  Dowan (D:6)
  7 wyvern skeletons (Crypt:3)
  A cyclops skeleton (Crypt:1)
  A warg zombie (Crypt:2)
  18 killer bees
  6 electric eels
  6 howler monkeys
  A centaur zombie (D:8)
  4 lava snakes (Lair:3)
  A crimson imp (D:3)
  6 hounds
  2 jellies (D:5)
  A gnoll bouda (D:6)
  7 orc priests
  3 iguanas
  Ijyb (D:4)
  A sleepcap (D:4)
  12 orc wizards
  A tengu skeleton (Crypt:1)
  2 mummies (Crypt:3)
  A howler monkey zombie (D:8)
  6 adders
  18 gnolls
  2 shadow imps
  A white imp (D:9)
  A howler monkey simulacrum (D:9)
  An ufetubus (D:5)
  A worm (D:2)
  An adder zombie (Crypt:2)
  4 dart slugs
  62 orcs
  A ball python (D:4)
  6 bats
  4 endoplasms
  3 giant cockroaches
  5 goblins
  7 hobgoblins
  9 jackals
  8 kobolds
  A quokka (D:4)
  An endoplasm zombie (Crypt:2)
  2 frilled lizards (D:1)
  A goblin skeleton (Crypt:1)
  A jackal zombie (Crypt:2)
  An orc zombie (Crypt:2)
  A rat (D:1)
  5 tentacles (Shoals:2)
1714 creatures vanquished.

Vanquished Creatures (others)
  3 deep elf knights (Elf:2)
  A deep elf zephyrmancer (Elf:2)
  A harpy (Shoals:2)
  A moth of wrath (Shoals:2)
  2 guardian serpents (Snake:4)
  2 snapping turtles (Shoals:2)
  A water elemental (Shoals:4)
  A human (D:10)
  A naga (Snake:4)
  A centaur (Shoals:3)
  A killer bee (D:9)
  3 tentacles (Shoals:2)
18 creatures vanquished.

Grand Total: 1732 creatures vanquished

Notes
Turn   | Place    | Note
-------+----------+-------------------------------------------
     0 | D:1      | Armakuni the Draconian Monk began the quest for the Orb.
     0 | D:1      | Reached XP level 1. HP: 19/19 MP: 1/1
   203 | D:1      | Found a faded altar of an unknown god.
   245 | D:1      | Reached XP level 2. HP: 21/26 MP: 2/2
   315 | D:1      | Reached skill level 1 in Shapeshifting
   689 | D:1      | You fall into a shaft and drop 1 floor!
  1128 | D:2      | Reached XP level 3. HP: 30/31 MP: 3/3
  1152 | D:2      | Identified the amulet "Cuedix" {Acrobat -Cast Regen+ Dex+3}
  1221 | D:2      | Noticed Sigmund
  1580 | D:3      | Reached XP level 4. HP: 35/38 MP: 4/4
  1770 | D:3      | Found a shimmering altar of Xom.
  1770 | D:3      | Found a burning altar of Makhleb.
  1881 | D:2      | Reached XP level 5. HP: 28/45 MP: 5/5
  2284 | D:2      | Killed Sigmund
  2285 | D:2      | Reached XP level 6. HP: 50/51 MP: 6/6
  2411 | D:4      | Found a runed translucent door.
  2413 | D:4      | Noticed shbulbulush's ghost (amateur TrGl)
  2440 | D:4      | Reached skill level 5 in Unarmed Combat
  2461 | D:4      | Found a sacrificial altar of Ru.
  2523 | D:4      | Found a runed translucent door.
  2660 | D:4      | Noticed Ijyb
  2668 | D:4      | Reached skill level 5 in Shapeshifting
  2668 | D:4      | Your scales start taking on a pale cyan-grey colour.
  2668 | D:4      | Reached XP level 7. HP: 57/57 MP: 7/7
  2668 | D:4      | Gained mutation: You are immune to the effects of steam.
                  | [Pale Draconian growth]
  2668 | D:4      | Paralysed by Ijyb for 5 turns
  2679 | D:4      | Killed Ijyb
  2766 | D:4      | Found a staircase to the Ecumenical Temple.
  2775 | Temple   | Entered the Ecumenical Temple
  2790 | Temple   | Became a worshipper of Elyvilon the Healer
  2790 | Temple   | Reached * piety under Elyvilon
  2790 | Temple   | Reached ** piety under Elyvilon
  2882 | D:5      | Entered Level 5 of the Dungeon
  3100 | D:5      | Found a sparkling altar of Nemelex Xobeh.
  3100 | D:5      | Found an opulent altar of Gozag.
  3679 | D:6      | Found a shadowy altar of Dithmenos.
  3763 | D:6      | Reached XP level 8. HP: 59/63 MP: 8/8
  3835 | D:6      | Reached *** piety under Elyvilon
  3916 | D:6      | Found a hazy altar of Hepliaklqana.
  3935 | D:6      | Found a blossoming altar of Fedhas.
  4082 | D:6      | Found a radiant altar of Vehumet.
  4243 | D:6      | Noticed Pikel
  4261 | D:6      | Killed Pikel
  4272 | D:6      | Reached XP level 9. HP: 73/73 MP: 9/9
  4334 | D:6      | Noticed Duvessa
  4335 | D:6      | Noticed Dowan
  4346 | D:6      | Reached skill level 5 in Fighting
  4352 | D:6      | Killed Duvessa
  4352 | D:6      | Killed Dowan
  4829 | D:7      | Learned a level 3 spell: Ozocubu's Armour
  4856 | D:7      | Reached skill level 10 in Unarmed Combat
  4882 | D:7      | Noticed Menkaure
  4883 | D:7      | Noticed Joseph
  4891 | D:7      | Killed Joseph
  4893 | D:7      | Killed Menkaure
  5013 | D:7      | Reached **** piety under Elyvilon
  5463 | D:8      | Found a shimmering blue altar of Sif Muna.
  5615 | D:8      | Reached skill level 1 in Invocations
  5615 | D:8      | Reached skill level 1 in Evocations
  5829 | D:8      | Found a stormy altar of Qazlal.
  5930 | D:8      | Found a basalt altar of Yredelemnul.
  5963 | D:8      | Found an ornate altar of the Wu Jian Council.
  5963 | D:8      | Found an ancient bone altar of Kikubaaqudgha.
  5964 | D:8      | Found an iron altar of Okawaru.
  6075 | D:8      | Noticed Maurice
  6081 | D:8      | Maurice stole 10 curare-tipped darts
  6091 | D:8      | Maurice stole a beast talisman
  6101 | D:8      | Something stole 374 gold
  6109 | D:8      | Killed Maurice
  6110 | D:8      | Reached XP level 10. HP: 81/81 MP: 9/11
  6223 | D:8      | Identified the +7 war axe of Conformity {heavy, Dex+4}
  6441 | D:9      | Found a staircase to the Orcish Mines.
  6458 | D:9      | Reached ***** piety under Elyvilon
  6501 | D:9      | Noticed Psyche
  6528 | D:9      | Killed Psyche
  6542 | D:9      | Reached skill level 5 in Invocations
  6542 | D:9      | Reached skill level 5 in Evocations
  7389 | D:9      | Reached XP level 11. HP: 56/86 MP: 10/17
  7717 | D:10     | Entered Level 10 of the Dungeon
  7763 | D:10     | Noticed a two-headed ogre
  7777 | D:10     | Pacified a two-headed ogre
  7816 | D:10     | Reached skill level 10 in Invocations
  8247 | D:10     | Identified the +1 dagger of Distant Worlds {venom, rN+ MP+9
                  | Dex+2}
  8583 | D:11     | Found a gate leading to a gauntlet.
  8594 | Gauntlet | Entered a Gauntlet
  8594 | Gauntlet | Found a transporter.
  8604 | Gauntlet | Found a transporter.
  8606 | Gauntlet | Found a transporter.
  8607 | Gauntlet | Found a transporter.
  8616 | Gauntlet | Found a transporter.
  8618 | Gauntlet | Found a transporter.
  8619 | Gauntlet | Found a transporter.
  8621 | Gauntlet | Noticed a shining eye
  8628 | Gauntlet | Found a transporter.
  8631 | Gauntlet | Found a transporter.
  8632 | Gauntlet | Found a transporter.
  8638 | Gauntlet | Noticed a fire crab
  8640 | Gauntlet | Found a transporter.
  8643 | Gauntlet | Found a transporter.
  8644 | Gauntlet | Found a transporter.
  8652 | Gauntlet | Found a transporter.
  8652 | Gauntlet | Noticed a fire crab
  8767 | Gauntlet | Noticed a green very ugly thing
  8767 | Gauntlet | Noticed a brown very ugly thing
  8779 | Gauntlet | Noticed a purple very ugly thing
  8780 | Gauntlet | Noticed a cyan very ugly thing
  8783 | Gauntlet | Noticed a cyan very ugly thing
  8783 | Gauntlet | Noticed a white very ugly thing
  8783 | Gauntlet | Noticed an ironbound thunderhulk
  8897 | Gauntlet | Gained mutation: You are dopey. (Int -2) [a shining eye]
  8900 | Gauntlet | Gained mutation: You are clumsy. (Dex -2) [a shining eye]
  8901 | Gauntlet | Killed a shining eye
  8906 | Gauntlet | Lost mutation: You are dopey. (Int -2) [potion of mutation]
  8906 | Gauntlet | Lost mutation: You are clumsy. (Dex -2) [potion of
                  | mutation]
  8906 | Gauntlet | Gained mutation: You have sharp toenails. [potion of
                  | mutation]
  8906 | Gauntlet | Gained mutation: You are weak. (Str -2) [potion of
                  | mutation]
  8906 | Gauntlet | Gained mutation: You are partially covered in large bone
                  | plates. (SH +4) [potion of mutation]
  9032 | Gauntlet | Noticed a minotaur
  9041 | Gauntlet | Killed a minotaur
  9042 | Gauntlet | Reached skill level 5 in Dodging
  9047 | Gauntlet | Got a rare book
  9232 | D:11     | Reached XP level 12. HP: 79/94 MP: 21/21
  9265 | D:11     | Found a staircase to the Lair.
  9680 | D:12     | Noticed Frances
 10217 | D:13     | Noticed a centaur warrior
 10217 | D:13     | Noticed a centaur warrior
 10241 | D:13     | Killed a centaur warrior
 10249 | D:13     | Killed a centaur warrior
 10250 | D:13     | Reached skill level 15 in Unarmed Combat
 10303 | D:13     | Noticed a five-headed hydra
 10308 | D:13     | Killed a five-headed hydra
 10320 | D:13     | Elyvilon protects you from harm!
 10519 | D:13     | Noticed a boulder beetle
 10536 | D:13     | Killed a boulder beetle
 10754 | D:13     | Found Xuhoisio's Magic Scroll Shoppe.
 10861 | Orc:1    | Entered Level 1 of the Orcish Mines
 10946 | Orc:2    | Entered Level 2 of the Orcish Mines
 11044 | Orc:2    | Reached XP level 13. HP: 89/100 MP: 22/22
 11371 | Orc:2    | Paralysed by an ogre mage for 2 turns
 11620 | Orc:2    | Found a staircase to the Elven Halls.
 12049 | Orc:2    | Found Ezecrah's Antique Weapon Shoppe.
 12050 | Orc:2    | Found Nestru Ifick's Jewellery Shop.
 12050 | Orc:2    | Found Osynuh's Antique Armour Shoppe.
 12050 | Orc:2    | Found Muruobeck's Distillery.
 12060 | Orc:2    | Bought a potion of heal wounds for 80 gold pieces
 12060 | Orc:2    | Bought a potion of heal wounds for 80 gold pieces
 12062 | Orc:2    | Bought a potion of mutation for 128 gold pieces
 12323 | D:13     | Bought a scroll of acquirement for 884 gold pieces
 12324 | D:13     | Acquired a manual of Evocations
 12327 | D:13     | Bought a scroll of immolation for 68 gold pieces
 12448 | D:14     | Found Deinweyll's Assorted Antiques.
 12749 | Lair:1   | Entered Level 1 of the Lair of Beasts
 13232 | Lair:1   | Reached XP level 14. HP: 91/107 MP: 23/23
 13895 | Lair:2   | Noticed Fannar
 13984 | Lair:2   | Killed Fannar
 14063 | Lair:2   | You are sucked into a shaft and drop 1 floor!
 14063 | Lair:3   | Found a staircase to the Shoals.
 14335 | Lair:3   | Identified the +0 pair of boots of the Moneychanger {Regen+
                  | Int+2 Stlth+}
 14721 | Lair:2   | Reached skill level 10 in Fighting
 15234 | Lair:3   | Found a staircase to the Snake Pit.
 16122 | Lair:4   | Learned a level 2 spell: Wereblood
 16163 | Lair:4   | Reached skill level 1 in Transmutations
 16166 | Lair:4   | Reached skill level 1 in Spellcasting
 16692 | Lair:4   | Found a staircase to the Slime Pits.
 16692 | Lair:4   | Found a viscous altar of Jiyva.
 17063 | Lair:4   | Reached skill level 5 in Transmutations
 17511 | Lair:4   | Learned a level 7 spell: Ozocubu's Refrigeration
 17737 | Lair:5   | Entered Level 5 of the Lair of Beasts
 17770 | Lair:5   | Reached skill level 1 in Ice Magic
 17784 | Lair:5   | Reached XP level 15. HP: 52/137 MP: 21/24
 18104 | Lair:5   | Reached skill level 2 in Ice Magic
 18720 | Lair:5   | Noticed Sonja
 18722 | Lair:5   | Killed Sonja
 20074 | D:11     | Killed Frances
 20285 | D:14     | Reached skill level 10 in Shapeshifting
 20457 | D:14     | Identified the +5 long sword of the Slime-mould {heavy,
                  | *Noise Int+3 SInv}
 20650 | D:14     | Found Nefigixo's Antique Armour Boutique.
 20653 | D:14     | Bought the +2 hat of the Bear Spirit {Spirit, Bear, *Rage
                  | Will++} for 1291 gold pieces
 20653 | D:14     | Found the +2 hat of the Bear Spirit {Spirit, Bear, *Rage
                  | Will++}
 20676 | D:14     | Found Raockuca's General Store.
 20763 | D:14     | Found Zymmuppule's Antique Weapon Boutique.
 20894 | D:14     | Found a gate to the Vaults.
 20904 | D:14     | Learned a level 2 spell: Lesser Beckoning
 20956 | D:15     | Entered Level 15 of the Dungeon
 21023 | D:15     | Identified the +0 robe of the Shining Light {+Blink rF++
                  | Dex+4}
 21513 | D:15     | Found a staircase to the Depths.
 21957 | Snake:1  | Entered Level 1 of the Snake Pit
 21977 | Snake:1  | Found an ancient bone altar of Kikubaaqudgha.
 22180 | Snake:1  | Reached XP level 16. HP: 145/145 MP: 21/25
 23993 | Snake:2  | Found Gocaxiss's Jewellery Shop.
 23995 | Snake:2  | Found Hebbeol's Jewellery Boutique.
 23995 | Snake:2  | Found Qadeoll's Book Shop.
 23998 | Snake:2  | Found Jaocwich's Jewellery Boutique.
 24457 | Snake:3  | Noticed Azrael
 24465 | Snake:3  | Killed Azrael
 25210 | Snake:3  | Reached skill level 15 in Shapeshifting
 25618 | Snake:4  | Entered Level 4 of the Snake Pit
 27064 | Snake:4  | Identified the +3 dagger of the Vine {freeze, rC+}
 27445 | Snake:4  | Noticed a quicksilver dragon
 27446 | Snake:4  | Pacified a quicksilver dragon
 27473 | Snake:4  | Reached XP level 17. HP: 108/151 MP: 14/26
 27699 | Snake:4  | Got a serpentine rune of Zot
 27741 | Snake:4  | HP: 7/151 [nagaraja/+1 halberd of flaming (3)]
 28549 | Shoals:1 | Entered Level 1 of the Shoals
 28552 | Shoals:1 | Noticed Donald
 28726 | Lair:3   | Killed Donald
 28819 | Shoals:1 | Noticed Roxanne
 28943 | Shoals:1 | Found a runed translucent door.
 28947 | Shoals:1 | Noticed AceOff's ghost (journeyman DjFE)
 29129 | Shoals:1 | Killed AceOff's ghost
 29131 | Shoals:1 | Identified the ring of the Morning {Str+6 Stlth+}
 29530 | Shoals:2 | You fall into a shaft and drop 1 floor!
 30028 | Shoals:2 | Found a transporter.
 30033 | Shoals:2 | Noticed Diptof's ghost (adept TeAE)
 30217 | Snake:2  | Bought a dragon-blood talisman for 880 gold pieces
 30632 | Shoals:2 | Found a transporter.
 30804 | Shoals:2 | Noticed a kraken
 30817 | Shoals:2 | Killed a kraken
 32564 | Shoals:3 | Reached skill level 3 in Ice Magic
 32582 | Shoals:4 | Entered Level 4 of the Shoals
 32590 | Shoals:4 | Reached skill level 1 in Translocations
 32758 | Shoals:4 | Reached skill level 4 in Ice Magic
 32973 | Shoals:4 | Got a barnacled rune of Zot
 33167 | Shoals:4 | Got a dusty book
 33199 | Shoals:4 | Reached skill level 5 in Ice Magic
 33250 | Shoals:4 | Reached XP level 18. HP: 145/159 MP: 24/27
 33604 | Shoals:4 | Noticed Aizul
 33772 | Shoals:4 | Reached skill level 5 in Translocations
 33786 | Shoals:4 | Killed Aizul
 34051 | Shoals:4 | Identified the staff "Maicsoss" {rElec rPois rCorr Str+3
                  | Poison}
 34719 | Vaults:1 | Entered Level 1 of the Vaults
 35081 | Vaults:1 | Reached skill level 6 in Ice Magic
 35513 | Vaults:1 | Acquired 1029 gold pieces
 35757 | Snake:2  | Bought the ring of Ulick {rElec rPois Will+ Str-2 Int+5}
                  | for 544 gold pieces
 36100 | Vaults:1 | Reached skill level 7 in Ice Magic
 36482 | Vaults:1 | Reached skill level 8 in Ice Magic
 36571 | Vaults:1 | Reached skill level 9 in Ice Magic
 36803 | Vaults:1 | Reached skill level 10 in Ice Magic
 37113 | Vaults:1 | Noticed Saint Roka
 37133 | Vaults:1 | Killed Saint Roka
 38033 | Vaults:1 | Reached skill level 11 in Ice Magic
 38128 | Vaults:2 | Noticed Xtahua
 38140 | Vaults:2 | Killed Xtahua
 38204 | Vaults:2 | Noticed Bai Suzhen
 38232 | Vaults:2 | Killed Bai Suzhen
 38424 | Vaults:2 | Reached skill level 12 in Ice Magic
 38772 | Vaults:2 | Reached XP level 19. HP: 166/166 MP: 28/28
 38965 | Vaults:2 | Reached skill level 13 in Ice Magic
 39778 | Vaults:2 | Reached skill level 14 in Ice Magic
 41084 | Vaults:3 | Reached skill level 15 in Ice Magic
 41676 | Vaults:3 | Reached skill level 16 in Ice Magic
 42503 | Snake:2  | Bought a granite talisman for 880 gold pieces
 43398 | Vaults:3 | Found a staircase to the Crypt.
 43618 | Vaults:4 | Reached skill level 17 in Ice Magic
 43898 | Vaults:4 | Reached XP level 20. HP: 171/171 MP: 24/29
 44098 | Vaults:4 | Learned a level 1 spell: Apportation
 44420 | Vaults:4 | Reached skill level 18 in Ice Magic
 44892 | Vaults:4 | Noticed a dread lich
 44913 | Vaults:4 | Killed a dread lich
 45410 | Shoals:2 | Reached skill level 19 in Ice Magic
 45412 | Shoals:2 | Killed Diptof's ghost
 45422 | Shoals:2 | Identified the +1 hat of the Tanner {Int+2}
 45430 | Shoals:2 | Identified the +3 leather armour of the Kodama {rElec rC+++
                  | MP+9 Dex-2}
 45694 | Elf:1    | Entered Level 1 of the Elven Halls
 45779 | Elf:1    | Found Enurgh's Assorted Antiques.
 46795 | Elf:2    | Reached skill level 20 in Ice Magic
 46850 | Elf:2    | Identified the staff "Otany" {rF++ rCorr Str+2 Dex-5 Earth}
 46930 | Elf:2    | Paralysed by an air elemental for 1 turns
 46956 | Elf:2    | Found a runed translucent gate.
 46956 | Elf:2    | Found a runed translucent gate.
 46967 | Elf:2    | Found a runed translucent gate.
 47075 | Elf:2    | Found Emylis's Armour Boutique.
 47075 | Elf:2    | Found Ivvuarho's Distillery.
 47079 | Elf:2    | Found Ciuloeqo's Jewellery Boutique.
 47115 | Elf:2    | Bought a potion of heal wounds for 65 gold pieces
 47117 | Elf:2    | Bought a +6 ring of intelligence for 540 gold pieces
 47331 | Elf:3    | Entered Level 3 of the Elven Halls
 47379 | Elf:3    | Found a magical portal.
 47387 | WizLab   | Entered Cigotuvi's Fleshworks
 47793 | WizLab   | Paralysed by a floating eye for 3 turns
 47794 | WizLab   | Reached skill level 5 in Spellcasting
 47847 | WizLab   | Paralysed by a floating eye for 3 turns
 47930 | WizLab   | Identified the ring "Ukeeseud" {Will+ Int+4 SInv}
 47966 | WizLab   | Reached XP level 21. HP: 180/180 MP: 28/30
 48207 | WizLab   | Got a worn book
 49428 | Elf:3    | Identified the ring of Johih {Wiz Dex+3}
 49803 | Elf:3    | Got a curious book
 49867 | Elf:3    | Learned a level 4 spell: Iskenderun's Mystic Blast
 49911 | Elf:3    | Found the +6 arbalest "Damnation" {damnation}
 49913 | Elf:3    | Got a fuliginous book
 49915 | Elf:3    | Got a vellum book
 50079 | Elf:2    | Reached skill level 10 in Spellcasting
 50206 | Elf:2    | Noticed Nikola
 50213 | Elf:2    | Killed Nikola
 50442 | Elf:2    | Reached skill level 21 in Ice Magic
 50863 | Crypt:1  | Entered Level 1 of the Crypt
 52348 | Crypt:2  | Reached skill level 22 in Ice Magic
 52636 | Crypt:3  | Entered Level 3 of the Crypt
 52912 | Crypt:3  | Identified the ring of Linearity {rN+ Will+}
 52912 | Crypt:3  | Identified the ring of Acvait {rPois rN+ Slay+6}
 53045 | Crypt:3  | Reached XP level 22. HP: 188/188 MP: 32/36
 53166 | Crypt:3  | Found a staircase to the Tomb.
 53235 | Crypt:3  | Reached ****** piety under Elyvilon
 53270 | Crypt:3  | Noticed Vv
 53846 | Crypt:3  | Killed Vv
 54045 | Crypt:3  | Found a basalt altar of Yredelemnul.
 54049 | Crypt:3  | Reached skill level 23 in Ice Magic
 54229 | Crypt:3  | Identified the +0 chain mail of Yqoo {*Slow rElec Str+4
                  | Dex+3}
 54641 | Crypt:3  | Identified the +5 quarterstaff "Geuqoc" {venom, rPois}
 55141 | Snake:2  | Bought a book of Ice for 700 gold pieces
 55152 | Snake:2  | Learned a level 9 spell: Polar Vortex
 55369 | Depths:1 | Entered Level 1 of the Depths
 55524 | Depths:1 | Found a glowing silver altar of Zin.
 55652 | Depths:1 | Found a one-way gateway to a ziggurat.
 55779 | Depths:1 | Got an antique book
 55806 | Depths:1 | Noticed the Enchantress
 55819 | Depths:1 | HP: 9/244 [spriggan defender/+4 demon whip of flaming[the
                  | Enchantress] (8)]
 55819 | Depths:1 | Elyvilon protects you from harm!
 55897 | Depths:1 | Killed the Enchantress
 56067 | Depths:1 | Found a gateway to Hell.
 56132 | Depths:1 | Identified the +5 whip "Ben Cuna" {flame, rF+ Str+4}
 56162 | Depths:1 | Found Immyb Der's Magic Scroll Emporium.
 56331 | Depths:2 | Found a one-way gate to the infinite horrors of the Abyss.
 56556 | Depths:2 | You fall into a shaft and drop 2 floors!
 56556 | Depths:4 | Entered Level 4 of the Depths
 57275 | Depths:4 | Reached XP level 23. HP: 194/194 MP: 30/40
 57487 | Depths:3 | Noticed Frederick
 57491 | Depths:3 | Noticed Margery
 57493 | Depths:3 | Paralysed by a floating eye for 2 turns
 57493 | Depths:3 | Killed from afar by Margery

Illustrated notes

Levels and vault maps discovered:
D:1:      lightli_arrival_farm, layout_basic, ebering_ecumenical_altar_box,
          hex_tiny
D:2:      layout_basic, small_statue_intersection, uniq_sigmund
D:3:      layout_basic, grunt_temple_overflow_champion_of_chaos
D:4:      layout_rooms, mainiacjoe_overflow_tiny_flanked,
          lemuel_temple_firewalk_a, ebering_ghost_sewer_f,
          chequers_serial_rivers_room_a, uniq_ijyb
D:5:      layout_loops_ring, grunt_temple_overflow_opulence,
          nicolae_overflow_hidden_temple, hangedman_decor_riveting
D:6:      layout_basic, fiery_altar_vehumet, nicolae_dithmenos_shadow_blocks,
          worldfamousw_hep_ancestral_shrine, amcnicky_altar_gilded,
          uniq_duvessa, uniq_pikel
D:7:      layout_cave_pools, kennysheep_cross_room, uniq_menkaure, uniq_joseph
D:8:      layout_loops_corners, nicolae_qazlal_eye_of_the_storm, led_sif_pool,
          lemuel_zombie_altar_yredelemnul, gammafunk_temple_overflow_claw,
          minmay_holes, uniq_maurice
D:9:      layout_small_grid, orc_0_dummy, special_room [special_room_bee],
          serial_ice, serial_ice_e, serial_ice_c, serial_ice_l, serial_ice_n,
          uniq_psyche
D:10:     layout_loops_ring, minmay_ruffians
D:11:     layout_rooms, minmay_lair_entry_grove, gauntlet_entry_generic
D:12:     layout_rooms, uniq_frances
D:13:     layout_rooms, serial_shops, shop
D:14:     layout_roguey, david_vaults_4, portal_ice_cave_entry_pillars_three,
          serial_shops, nicolae_shop_just_a_little_nook, shop,
          nicolae_shop_tiny_glass, kennysheep_mini
D:15:     grunt_enter_depths_hoard, layout_cave_pools, nrook_campfire
Temple:   nicolae_temple_bog_church
Lair:1:   layout_cave_pods, beast_lair_carwin_5
Lair:2:   layout_roguey, uniq_fannar
Lair:3:   layout_loops_ring, elwin_shoals_entry_rocks,
          nicolae_snake_entry_warm_welcome, serial_bayou_shore_b
Lair:4:   layout_loops_ring, slime_entry_1, cheibrodos_lair_lostbears,
          infiniplex_staircase_pool
Lair:5:   evilmike_catoblepas_cave, layout_cave_pods, grunt_megastairs_5,
          uniq_sonja
Shoals:1: layout_shoals, ebering_ghost_inner_flame, nicolae_shoals_secluded_bog,
          uniq_roxanne, uniq_donald
Shoals:2: layout_shoals, gammafunk_ghost_berserking_beasts
Shoals:3: layout_shoals, nicolae_shoals_enchanted_isle
Shoals:4: shoals_end_grunt_ice, layout_shoals, nicolae_shoals_square_sea_wall,
          uniq_aizul
Snake:1:  layout_concentric_octagons, basic_altar, grunt_megastairs_1
Snake:2:  layout_onion_interference, st_stairs_14, minmay_shoptagon
Snake:3:  layout_honeycomb, uniq_azrael
Snake:4:  hellmonk_snake_rune_quicksilver_temple, layout_cave_town,
          corexii_hall_statues_deadend
Orc:1:    layout_caves
Orc:2:    st_orc_ogre_mass, layout_diamond_mine, nicolae_volcano_entry_s_turn
Elf:1:    minmay_elf_arrival_plus, layout_geoelf_diagonals, serial_shops, shop,
          hangedman_elf_disciples
Elf:2:    elven_hall_of_blades_hangedman_original
          [nicolae_blade_entry_pointy_end], layout_geoelf_diagonals,
          minmay_shop_star, uniq_nikola
Elf:3:    elf_hall_gauntlet_narrow, layout_geoelf_castle, mu_enter_wizlab_6
Vaults:1: v_misc_24, serial_ice_m, ontoclasm_vaults_fault, serial_ice_h,
          v_misc_31, nicolae_vaults_weapon_check, vaults_dpeg_emergency_exit,
          ontoclasm_vaults_tryst, nicolae_vaults_tetromino_L_1,
          nicolae_vaults_closet_pinwheel_4, nicolae_vaults_trapezoid_1,
          nicolae_vaults_trapezoid_lopsided_1, layout_vaults_omnicross,
          uniq_saint_roka
Vaults:2: nicolae_vaults_storage_room_statues,
          nicolae_vaults_windows_and_doors_thing, nicolae_vaults_three_branches,
          hangedman_vaults_hat, nicolae_vaults_network_square,
          nicolae_vaults_triangles, nicolae_vaults_more_shelving_1, v_misc_25,
          hangedman_vaults_stretched_pinwheel, layout_vaults_omnibox,
          uniq_xtahua, uniq_bai_suzhen
Vaults:3: ontoclasm_vaults_spin, minmay_crypt_entry_simple_walls,
          nicolae_vaults_network_periphery, nicolae_vaults_house_3,
          vaults_mumra_hexcomb, nicolae_vaults_tetromino_T_1,
          layout_vaults_chaotic_city
Vaults:4: nicolae_vaults_storage_closets_1, nicolae_vaults_closet_pinwheel_4,
          nicolae_vaults_cornered_office, hangedman_vaults_corner_blocks,
          nicolae_vaults_what_the_h, hangedman_vaults_pinch, vaults_dpeg_ring,
          vaults_mumra_hex, nicolae_vaults_rhombus_5,
          nicolae_vaults_ring_of_whatevers, hangedman_vaults_impose,
          nicolae_vaults_octothorpe, nicolae_vaults_house_2,
          nicolae_vaults_ring_of_whatevers, nicolae_vaults_security_offices_6,
          nicolae_vaults_trapezoid_lopsided_3, nicolae_vaults_two_Ls,
          layout_vaults_ring
Crypt:1:  layout_catacombs
Crypt:2:  layout_rooms
Crypt:3:  evilmike_haunted_forest, uniq_vv
Depths:1: layout_basic, enter_ziggurat_a, serial_shops, kennysheep_little_box,
          zin_angel, abyss_entry, pf_hell_entry_great_geh,
          minmay_checkered_concentric_circles, uniq_enchantress
Depths:2: thingy_vault, layout_basic, minmay_room_of_horrors,
          pf_hell_entry_tar_river, serial_shops, bzr_entry_safe,
          grunt_pan_entry_zigzag, roderic_cross_of_infinity
Depths:3: hangedman_spin_cycle, hell_entry, pan_entry, abyss_entry,
          uniq_margery, uniq_frederick
Depths:4: evilmike_zot_entry_argh, layout_gridlike, minivault_11,
          grunt_mini_vestibule, abyss_entry, chequers_serial_rivers_small_a,
          minmay_misc_feat_alley, fedhas_altar_fruit_tree, minmay_shop_grove

Skill      XL: |  1  2  3  4  5  6  7  8  9 10 11 12 13 14 15 16 17 18 19 20 21 22 23 |
---------------+----------------------------------------------------------------------+-----
Shapeshifting  | 2 3 4 5 6 7 12 16 18 | 18.6
Unarmed Combat | 4 5 6 8 11 12 16 19 | 19.5
Fighting       | 4 5 13 | 13.9
Invocations    | 2 8 12 | 12.0
Evocations     | 2 5 |  5.0
Dodging        | 5 |  5.0
Transmutations | 6 |  6.6
Spellcasting   | 1 3 5 10 13 14 | 14.1
Ice Magic      | 1 2 5 12 17 20 22 23 | 23.7
Translocations | 4 6 |  6.0

Action                     |  1- 3 |  4- 6 |  7- 9 | 10-12 | 13-15 | 16-18 | 19-21 | 22-24 || total
---------------------------+-------+-------+-------+-------+-------+-------+-------+-------++-------
  Melee: Unarmed           |    99 |   102 |   259 |   654 |  1311 |  1150 |  1425 |   655 ||  5655
         Tailslap          |    21 |    21 |    48 |   157 |   325 |   250 |   281 |   144 ||  1247
         Punch             |       |       |       |       |    17 |   117 |   204 |    92 ||   430
         Maw               |       |       |       |       |       |   209 |       |       ||   209
         Bite              |       |       |       |       |       |    66 |    56 |       ||   122
         Kick              |       |       |       |       |       |       |   428 |   293 ||   721
  Throw: Dart              |       |     2 |     1 |    13 |    26 |     6 |     2 |     2 ||    52
         Throwing net      |       |     1 |       |     2 |     1 |       |       |       ||     4
   Cast: Wereblood         |       |       |       |       |    13 |    51 |    52 |     9 ||   125
         Lesser Beckoning  |       |       |       |       |       |    24 |    49 |     4 ||    77
         Ozocubu's Armour  |       |       |       |       |       |     6 |     5 |       ||    11
         Ozocubu's Refrige |       |       |       |       |       |       |    21 |     5 ||    26
         Polar Vortex      |       |       |       |       |       |       |       |     1 ||     1
 Invoke: Heal Self         |       |       |       |    10 |    32 |    18 |    11 |    20 ||    91
         Purification      |       |       |       |     5 |     9 |    18 |    15 |    14 ||    61
         Heal Other        |       |       |       |     8 |     1 |     7 |       |       ||    16
         Divine Vigour     |       |       |       |       |       |       |       |     1 ||     1
Ability: Breathe Steam     |       |       |    12 |    29 |    39 |     4 |       |       ||    84
         Begin Untransform |       |       |       |     1 |       |       |       |       ||     1
  Evoke: Wand              |       |       |     2 |    39 |    23 |    14 |     7 |     4 ||    89
         Lightning rod     |       |       |       |       |       |     5 |     3 |     8 ||    16
         Phantom mirror    |       |       |       |       |       |       |       |     1 ||     1
    Use: Scroll            |     7 |     1 |     6 |    11 |     6 |     7 |     5 |    10 ||    53
         Potion            |     1 |       |       |     2 |     1 |    12 |     4 |    15 ||    35
   Stab: Held in net/web   |       |     3 |       |     1 |       |       |       |       ||     4
         Paralysed         |       |       |     2 |    50 |    13 |       |       |       ||    65
         Distracted        |       |       |       |       |       |     2 |       |     2 ||     4
 Armour: Skin              |    48 |    49 |   114 |   397 |   764 |  1032 |  1564 |  1058 ||  5026
  Dodge: Dodged            |    81 |    92 |   155 |   456 |   670 |   607 |   841 |   512 ||  3414
  Block: Orb               |       |       |       |    49 |   147 |    18 |       |       ||   214
         Other             |       |       |       |       |    20 |    47 |   178 |   135 ||   380
   Form: Beast             |     1 |       |       |       |       |       |       |       ||     1
         Blade             |       |       |       |       |     1 |       |       |       ||     1
         Maw               |       |       |       |       |       |     1 |       |       ||     1
                           |       |       |       |       |       |     1 |     1 |       ||     2
         Dragon            |       |       |       |       |       |     1 |       |       ||     1
         Statue            |       |       |       |       |       |       |     2 |       ||     2

Table legend: (Time is in decaauts)
 A = Elapsed time spent in this place.
 B = Non-inter-level travel time spent in this place.
 C = Inter-level travel time spent in this place.
 D = Time resting spent in this place.
 E = Time spent auto-exploring this place.
 F = Levels seen in this place.
 G = Mean time per level.
                   A        B        C        D        E       F      G
               +--------+--------+--------+--------+--------+-----+--------+
         Total |  63713 |  57157 |   6556 |  10739 |  30398 |  47 | 1355.6 |
       Dungeon |  13931 |  11673 |   2258 |    985 |   7580 |  15 |  928.7 |
        Temple |     30 |     16 |     14 |      0 |      0 |   1 |   30.0 |
          Lair |   8222 |   6895 |   1327 |    762 |   4581 |   5 | 1644.4 |
        Shoals |   5659 |   5106 |    553 |   1492 |   2204 |   4 | 1414.8 |
     Snake Pit |   7309 |   6694 |    615 |   2218 |   3197 |   4 | 1827.2 |
  Orcish Mines |   1500 |   1274 |    226 |     68 |    818 |   2 |  750.0 |
   Elven Halls |   5659 |   5328 |    331 |    911 |   2295 |   3 | 1886.3 |
        Vaults |  10600 |   9588 |   1012 |   2343 |   5374 |   4 | 2650.0 |
         Crypt |   5734 |   5530 |    204 |    767 |   3162 |   3 | 1911.3 |
        Depths |   3041 |   3028 |     13 |    678 |   1065 |   4 |  760.2 |
        Wizlab |   1545 |   1545 |      0 |    344 |      0 |   1 | 1545.0 |
      Gauntlet |    477 |    477 |      0 |    167 |    121 |   1 |  477.0 |
               +--------+--------+--------+--------+--------+-----+--------+

Top non-repeatable levels by time:
 Crypt:3: 3113 daAuts
Vaults:1: 3042 daAuts
Vaults:3: 2859 daAuts
 Snake:4: 2671 daAuts
Vaults:2: 2624 daAuts
   Elf:3: 2419 daAuts
  Lair:5: 2092 daAuts
Vaults:4: 2073 daAuts
 Snake:1: 2045 daAuts
 Crypt:1: 2015 daAuts
Shoals:4: 1796 daAuts
  Lair:4: 1754 daAuts
   Elf:2: 1715 daAuts
  Lair:3: 1688 daAuts
 Snake:3: 1660 daAuts
